 Dungeon Crawl Stone Soup version 0.19.5 (webtiles) character file.

868 kraedy the Basher (level 8, -7/46 HPs)
             Began as a Gargoyle Fighter on Apr 1, 2017.
             Killed by divine providence
             ... invoked by an orc priest
              (10 damage)
             ... on level 5 of the Dungeon on Apr 2, 2017.
             The game lasted 00:11:34 (5359 turns).

kraedy the Basher (Gargoyle Fighter)                Turns: 5359, Time: 00:11:35

Health: -7/46      AC: 16    Str: 23    XL:     8   Next: 3%
Magic:  8/8        EV:  7    Int: 11    God:
Gold:   186        SH:  8    Dex:  9    Spells: 0 memorised, 7 levels left

rFire  . . .     SeeInvis .     h - +0 whip
rCold  . . .     Gourm    .     b - +0 scale mail
rNeg   + . .     Faith    +     c - +0 shield
rPois  ∞         Spirit   .     q - +2 helmet {Int+3}
rElec  +         Reflect  .     t - +0 cloak
rCorr  .         Harm     .     (no gloves)
MR     .....                    l - +0 pair of boots
Stlth  ..........               g - amulet of faith
                                (no ring)
                                (no ring)

@: heavily drained
A: negative energy resistance 1, electricity resistance, unbreathing,
petrification resistance, rot immunity, AC +5
a: no special abilities


You were on level 5 of the Dungeon.
You were not hungry.

You visited 1 branch of the dungeon, and saw 5 of its levels.

You collected 186 gold pieces.

Inventory:

Hand Weapons
 h - a +0 whip (weapon)
Armour
 b - a +0 scale mail (worn)
 c - a +0 shield (worn)
 l - a +0 pair of boots (worn)
 q - a +2 helmet of intelligence (worn)
 t - a +0 cloak (worn)
Jewellery
 d - an uncursed amulet of harm
 g - an amulet of faith (around neck)
 m - an uncursed ring of ice
 n - an uncursed ring of fire
 s - the ring of Lialem {rElec rF++ SInv, unknown}
   (You found it on level 5 of the Dungeon)

   [ring of see invisible]

   It greatly protects you from fire.
   It insulates you from electricity.
   It lets you see invisible.
Wands
 u - a wand of lightning (15/15)
Scrolls
 j - a scroll of remove curse
Potions
 e - a potion of ambrosia
 i - a potion of beneficial mutation {unknown}
 k - a potion of cure mutation
 o - a potion of curing
 r - 2 potions of lignification {unknown}
Comestibles
 a - a fruit
 f - 5 bread rations
 p - a slice of pizza


   Skills:
 - Level 3.2(1.7) Fighting
 + Level 9.0(7.2) Maces & Flails
 - Level 3.2(1.7) Armour
 - Level 3.2(1.7) Shields


You had 7 spell levels left.
You didn't know any spells.

Dungeon Overview and Level Annotations

Branches:
Dungeon (5/15)
 Temple: D:4-7

Altars:
Ashenzari
Dithmenos
Gozag
Nemelex Xobeh
Ru

Shops:
D:5 *


Innate Abilities, Weirdness & Mutations

You are resistant to torment.
Your stone body is resilient. (AC +5)
You are immune to poison.
You resist negative energy. (rN+)
You are resistant to electric shocks. (rElec)
You can survive without breathing.
You are immune to petrification.
You are immune to rotting.


Message History

Your shield prevents you from hitting the orc wizard.
The orc wizard is heavily wounded.
The orc priest calls down the wrath of Beogh upon you.
Beogh smites you!
* * * LOW HITPOINT WARNING * * *
The orc wizard barely misses you.
You closely miss the orc wizard.
The orc wizard is heavily wounded.
The orc wizard hits you but does no damage.
Your shield prevents you from hitting the orc wizard.
The orc wizard is heavily wounded.
The orc wizard hits you but does no damage.
You closely miss the orc wizard.
The orc wizard is heavily wounded.
The orc wizard hits you with a dagger.
* * * LOW HITPOINT WARNING * * *
The orc wizard hits you but does no damage.
The orc priest calls down the wrath of Beogh upon you.
Beogh smites you!
You die...

...........##..##.#
....o......###.##.#
...........###..#.#
∩...###.....###.#.# .
#.....# #...# #.....#
##..########### ##o....#
#.>..........#
#...##################.#
#...ooo@........# #.#
#...###########.# #.#
#...# #.# #.# ##### #.#
#.# #.######.#
#........# ##########


You could see an orc priest, an orc wizard and an orc.

Vanquished Creatures
  The ghost of nosre the Skirmisher, an amateur FoFi (D:4)
  2 crimson imps (D:5)
  4 hounds
  An orc priest (D:4)
  Jessica (D:3)
  4 orc wizards
  Terence (D:3)
  4 worker ants (D:4)
  Robin (D:3)
  4 gnolls (D:3)
  9 adders
  An adder skeleton (D:5)
  4 worms
  3 dart slugs (D:1)
  2 leopard geckos
  12 orcs
  4 giant cockroaches
  14 goblins
  11 hobgoblins
  5 jackals
  2 quokkas
  2 ball pythons
  A ball python skeleton (D:4)
  5 bats
  5 frilled lizards
  8 kobolds
  2 leopard gecko skeletons
  4 rats
117 creatures vanquished.

Notes
Turn   | Place    | Note
-------+----------+-------------------------------------------
     0 | D:1      | kraedy the Gargoyle Fighter began the quest for the Orb.
     0 | D:1      | Reached XP level 1. HP: 14/14 MP: 1/1
   165 | D:1      | Reached XP level 2. HP: 17/19 MP: 2/2
   309 | D:1      | Reached skill level 3 in Maces & Flails
   350 | D:1      | Reached XP level 3. HP: 23/23 MP: 3/3
   969 | D:2      | Found an opulent altar of Gozag.
   970 | D:2      | Found a sparkling altar of Nemelex Xobeh.
  1030 | D:2      | Reached skill level 4 in Maces & Flails
  1125 | D:2      | Reached XP level 4. HP: 20/28 MP: 4/4
  1624 | D:3      | Reached skill level 5 in Maces & Flails
  1624 | D:3      | Reached XP level 5. HP: 10/32 MP: 5/5
  1858 | D:3      | Found a sacrificial altar of Ru.
  1937 | D:3      | Noticed Jessica
  1950 | D:3      | Killed Jessica
  2059 | D:3      | Noticed Robin
  2076 | D:3      | Killed Robin
  2454 | D:3      | Noticed Terence
  2474 | D:3      | Killed Terence
  2474 | D:3      | Reached skill level 6 in Maces & Flails
  2529 | D:3      | Reached XP level 6. HP: 37/37 MP: 6/6
  3047 | D:4      | Found a shattered altar of Ashenzari.
  3259 | D:4      | HP: 1/37 [orc priest/nerve-wracking pain (7)]
  3264 | D:4      | Reached skill level 7 in Maces & Flails
  3280 | D:4      | HP: 1/37 [frilled lizard (2)]
  3636 | D:4      | Reached XP level 7. HP: 35/41 MP: 7/7
  4222 | D:4      | Found a shadowy altar of Dithmenos.
  4633 | D:4      | Noticed nosre's ghost (amateur FoFi)
  4699 | D:4      | Killed nosre's ghost
  4699 | D:4      | Reached skill level 8 in Maces & Flails
  5054 | D:5      | Entered Level 5 of the Dungeon
  5118 | D:5      | Reached skill level 9 in Maces & Flails
  5118 | D:5      | Reached XP level 8. HP: 43/46 MP: 8/8
  5266 | D:5      | Got a bound glass ring
  5323 | D:5      | Found Zin's Purification Station.
  5359 | D:5      | Killed from afar by an orc priest

Skill      XL: |  1  2  3  4  5  6  7 |
---------------+----------------------+-----
Maces & Flails | 3 4 5 6 7 9 |  9.0
Fighting       | |  3.2
Armour         | |  3.2
Shields        | |  3.2

Action                   |  1- 3 |  4- 6 |  7- 9 || total
-------------------------+-------+-------+-------++-------
Melee: Whip              |   151 |   340 |   312 ||   803
       Flail             |     9 |       |       ||     9
  Use: Potion            |       |     1 |       ||     1
       Scroll            |       |       |     6 ||     6
  Eat: Chunk             |       |     9 |     6 ||    15
Armor: Scale mail        |    84 |   148 |   145 ||   377
Dodge: Dodged            |    56 |    86 |    54 ||   196
Block: Shield            |    83 |   118 |   114 ||   315
